 Dungeon Crawl Stone Soup version 0.20-a0-386-g2d247ea (console) character file.

540275 Lightli the Plutocrat (level 27, 199/199 HPs) *WIZ*
             Began as a Gargoyle Fighter on Feb 25, 2020.
             Was an Initiate of Gozag.
             Quit the game on level 27 of a ziggurat on May 4, 2020.
             The game lasted 00:16:42 (672 turns).

Lightli the Plutocrat (Gargoyle Fighter)             Turns: 672, Time: 00:16:43

Health: 199/199    AC: 125   Str: 124   XL:     27
Magic:  53/53      EV: 52    Int: 125   God:    Gozag 15 (0)
Gold:   100000012  SH:  0    Dex: 125   Spells: 78/78 levels left

rFire  . . .     SeeInvis .     b - +∞ Axe of Woe
rCold  + . .     Gourm    .     g - +23 crystal plate armour "Donwyen" {*Contam rC+ Dex+6}
rNeg   + + +     Faith    .     (shield currently unavailable)
rPois  ∞         Spirit   .     h - +5 helmet of Upluth {rPois rN+++ MR+ Str-3}
rElec  +         Reflect  .     i - +5 cloak of Polish {+Fly rElec rPois rF- rCorr}
rCorr  +         Harm     .     j - +5 pair of gloves of Mibbi {rElec rF+ Dex+2}
MR     +++..                    a - +5 pair of boots of the Apprentice {rPois rCorr}
Stlth  +++++++++.               l - macabre finger necklace {rN+}
                                n - +6 ring of protection
                                m - ring of Robustness {AC+8}
                                (no ring)

@: no status effects
A: big wings, rough black scales 3, negative energy resistance 1, electricity
resistance, unbreathing, petrification resistance, rot immunity, AC +20
a: Fly, Potion Petition, Call Merchant, Bribe Branch, Renounce Religion, Evoke
Flight


You were on level 27 of a ziggurat.
You worshipped Gozag.
Gozag was exalted by your worship.
You were very full.

You visited 1 branch of the dungeon, and saw 1 of its levels.
You visited 1 ziggurat, and saw 1 of its levels.
You also visited: Labyrinth.

You collected 10023 gold pieces.
You paid 18 gold pieces to Gozag.

Inventory:

Hand Weapons
 b - the +∞ Axe of Woe (weapon) (Your wizardly powers created it on level 27 of a ziggurat)
 e - the +8 lance "Wyrmbane" {slay drac, rPois rF+ rC+ AC+3} (Your wizardly powers created it on level 1 of the Dungeon) It affects your AC (+3). It protects you from fire. It protects you from cold. It protects you from poison.
Armour
 a - the +5 pair of boots of the Apprentice (worn) {rPois rCorr} (Your wizardly powers created it on level 1 of the Dungeon) It protects you from poison. It protects you from acid and corrosion.
 c - a +0 shield of protection
 g - the +23 crystal plate armour "Donwyen" (worn) {*Contam rC+ Dex+6} (Your wizardly powers created it on level 1 of the Dungeon) It affects your dexterity (+6). It protects you from cold. It causes magical contamination when unequipped.
 h - the +5 helmet of Upluth (worn) {rPois rN+++ MR+ Str-3} (Your wizardly powers created it on level 1 of the Dungeon) It affects your strength (-3). It protects you from poison. It renders you almost immune to negative energy. It affects your resistance to hostile enchantments.
 i - the +5 cloak of Polish (worn) {+Fly rElec rPois rF- rCorr} (Your wizardly powers created it on level 1 of the Dungeon) It makes you vulnerable to fire. It insulates you from electricity. It protects you from poison. It lets you fly. It protects you from acid and corrosion.
 j - the +5 pair of gloves of Mibbi (worn) {rElec rF+ Dex+2} (Your wizardly powers created it on level 1 of the Dungeon) It affects your dexterity (+2). It protects you from fire. It insulates you from electricity.
Jewellery
 l - the macabre finger necklace (around neck) {rN+} (Your wizardly powers created it on level 1 of the Dungeon) [amulet of nothing] It protects you from negative energy.
 m - the ring of Robustness (left hand) {AC+8} (Your wizardly powers created it on level 1 of the Dungeon) [ring of protection] It affects your AC (+8).
 n - a +6 ring of protection (right hand)
Scrolls
 k - a scroll of amnesia
Potions
 d - a potion of might
Comestibles
 f - a bread ration


   Skills:
 O Level 27 Fighting
   Level 26.0(27) Short Blades
   Level 26.0(27) Long Blades
 + Level 26.0(27) Axes
   Level 26.0(27) Maces & Flails
 - Level 26.0(27) Polearms
   Level 26.0(27) Staves
   Level 26.0(27) Slings
   Level 26.0 Bows
   Level 26.0 Crossbows
 - Level 26.0(27) Throwing
 - Level 26.0 Armour
 - Level 26.0 Dodging
 - Level 26.0 Stealth
 - Level 26.0 Shields
 - Level 26.0 Unarmed Combat
 - Level 26.0 Spellcasting
   Level 26.0 Conjurations
   Level 26.0 Hexes
   Level 26.0 Charms
   Level 26.0 Summonings
   Level 26.0 Necromancy
   Level 26.0 Translocations
   Level 26.0 Transmutations
   Level 26.0 Fire Magic
   Level 26.0 Ice Magic
   Level 26.0 Air Magic
   Level 26.0 Earth Magic
   Level 26.0 Poison Magic
 O Level 27 Invocations
 - Level 26.0 Evocations


You had 78 spell levels left.
You didn't know any spells.

Dungeon Overview and Level Annotations

Branches:
Dungeon (1/15)

Altars:


Innate Abilities, Weirdness & Mutations

You are resistant to torment.
Your stone body is resilient. (AC +20)
You are immune to poison.
Your large and strong wings let you fly indefinitely.
You resist negative energy. (rN+)
You are resistant to electric shocks. (rElec)
You can survive without breathing.
You are immune to petrification.
You are immune to rotting.
You are completely covered in rough black scales. (AC +8, Dex -3)


Message History

= - jewellery ! - potions : - books | - staves \ - rods } - miscellany X - corpses % - food $ - gold 0 - the Orb ESC - exit What class of item? \ What type of item? ignition +0 rod of ignition (0/0)
Something appears at your feet!
o - a +0 rod of ignition (10/10) Drop what? 15/52 slots (_ for help) (? for menu, Esc to quit)
You drop a +0 rod of ignition (10/10).
Saving game... please wait.
Welcome back, Lightli the Gargoyle Fighter.
Gozag says: Greed is good.
Press ? for a list of commands and other information.
Unknown command.
Enter Wizard Command (? - help): Diagnostic messages are available only in debug builds.
Okay, then.
Unknown command.
Are you sure you want to abandon this character and quit the game? (Confirm with "yes".)

..........▓ ..........▓
.....(....▓ ...((.....▓
..........▓▓▓▓▓▓▓▓▓▓▓▓▓▓▓
.....$..................▓
..$$$$...(......@.......▓
(.$($.$..........\......▓
..$$$.$.$$...........[[[▓
.....$$$$$$.........="))▓
.....$$.$$[.........[}(.▓
P.......$$$.........):!∩▓
PP..................):}|▓
P...................|?:∩▓
....................?!??▓


There were no monsters in sight!

Vanquished Creatures
  9 deep elf blademasters (Zig:27)
  6 deep elf master archers (Zig:27)
  4 deep elf demonologists (Zig:27)
  6 deep elf annihilators (Zig:27)
  5 deep elf high priests (Zig:27)
  4 deep elf knights (Zig:27)
  2 deep elf archers (Zig:27)
  4 deep elf magi (Zig:27)
  A polar bear (shapeshifter) (Zig:27)
  An air elemental (Zig:27)
  2 water elementals (Zig:27)
  An earth elemental (Zig:27)
45 creatures vanquished.

Vanquished Creatures (others)
  5 dancing weapons (Zig:27)
  A deep elf knight (Zig:27)
6 creatures vanquished.

Grand Total: 51 creatures vanquished

Notes
Turn   | Place    | Note
-------+----------+-------------------------------------------
     0 | D:1      | Lightli the Gargoyle Fighter began the quest for the Orb.
     0 | D:1      | Reached XP level 1. HP: 14/14 MP: 1/1
     0 | D:1      | Entered wizard mode.
     2 | D:1      | Gained mutation: You are partially covered in rough black scales. (AC +2, Dex -1) [wizard power]
     2 | D:1      | Gained mutation: You are mostly covered in rough black scales. (AC +5, Dex -2) [wizard power]
     2 | D:1      | Gained mutation: You are completely covered in rough black scales. (AC +8, Dex -3) [wizard power]
     2 | D:1      | Reached XP level 2. HP: 19/19 MP: 2/2
     2 | D:1      | Reached XP level 3. HP: 23/23 MP: 3/3
     2 | D:1      | Reached XP level 4. HP: 28/28 MP: 4/4
     2 | D:1      | Reached XP level 5. HP: 32/32 MP: 5/5
     2 | D:1      | Reached XP level 6. HP: 37/37 MP: 6/6
     2 | D:1      | Reached XP level 7. HP: 41/41 MP: 7/7
     2 | D:1      | Reached XP level 8. HP: 46/46 MP: 8/8
     2 | D:1      | Reached XP level 9. HP: 51/51 MP: 9/9
     2 | D:1      | Reached XP level 10. HP: 56/56 MP: 10/10
     2 | D:1      | Reached XP level 11. HP: 60/60 MP: 11/11
     2 | D:1      | Reached XP level 12. HP: 64/64 MP: 12/12
     2 | D:1      | Reached XP level 13. HP: 68/68 MP: 13/13
     2 | D:1      | Gained mutation: Your large and strong wings let you fly indefinitely. [Gargoyle growth]
     2 | D:1      | Reached XP level 14. HP: 74/74 MP: 14/14
     2 | D:1      | Reached XP level 15. HP: 78/78 MP: 15/15
     2 | D:1      | Reached XP level 16. HP: 83/83 MP: 16/16
     2 | D:1      | Reached XP level 17. HP: 87/87 MP: 17/17
     2 | D:1      | Reached XP level 18. HP: 92/92 MP: 18/18
     2 | D:1      | Reached XP level 19. HP: 96/96 MP: 19/19
     2 | D:1      | Reached XP level 20. HP: 101/101 MP: 20/20
     2 | D:1      | Reached XP level 21. HP: 105/105 MP: 21/21
     2 | D:1      | Reached XP level 22. HP: 111/111 MP: 22/22
     2 | D:1      | Reached XP level 23. HP: 115/115 MP: 23/23
     2 | D:1      | Reached XP level 24. HP: 120/120 MP: 23/23
     2 | D:1      | Reached XP level 25. HP: 124/124 MP: 23/23
     2 | D:1      | Reached XP level 26. HP: 128/128 MP: 23/23
     2 | D:1      | Reached XP level 27. HP: 133/133 MP: 23/23
   105 | D:1      | Identified the +23 crystal plate armour "Donwyen" {*Contam rC+ Dex+6} (Your wizardly powers created it on level 1 of the Dungeon)
   111 | D:1      | Identified the +5 helmet of Upluth {rPois rN+++ MR+ Str-3} (Your wizardly powers created it on level 1 of the Dungeon)
   117 | D:1      | Identified the +5 cloak of Polish {+Fly rElec rPois rF- rCorr} (Your wizardly powers created it on level 1 of the Dungeon)
   123 | D:1      | Identified the +0 pair of gloves of Mibbi {rElec rF+ Dex+2} (Your wizardly powers created it on level 1 of the Dungeon)
   339 | D:1      | Identified the +5 pair of boots of the Apprentice {rPois rCorr} (Your wizardly powers created it on level 1 of the Dungeon)
   379 | D:1      | Gained mutation: Your large and strong wings let you fly indefinitely. [Gargoyle growth]
   502 | D:1      | Identified the +8 lance "Wyrmbane" {slay drac, rPois rF+ rC+ AC+3} (Your wizardly powers created it on level 1 of the Dungeon)
   502 | D:1      | Identified the +23 crystal plate armour "Donwyen" {*Contam rC+ Dex+6} (Your wizardly powers created it on level 1 of the Dungeon)
   502 | D:1      | Identified the +5 helmet of Upluth {rPois rN+++ MR+ Str-3} (Your wizardly powers created it on level 1 of the Dungeon)
   502 | D:1      | Identified the +5 cloak of Polish {+Fly rElec rPois rF- rCorr} (Your wizardly powers created it on level 1 of the Dungeon)
   502 | D:1      | Identified the +5 pair of gloves of Mibbi {rElec rF+ Dex+2} (Your wizardly powers created it on level 1 of the Dungeon)
   502 | D:1      | Identified the +10 Black Knight's horse barding {ponderous, rPois rN+} (Your wizardly powers created it on level 1 of the Dungeon)
   502 | D:1      | Identified the macabre finger necklace {rN+} (Your wizardly powers created it on level 1 of the Dungeon)
   502 | D:1      | Identified the ring of Robustness {AC+8} (Your wizardly powers created it on level 1 of the Dungeon)
   502 | D:1      | Identified the ring of Wigyaw {rC+ MR++ Dex-2 SInv Stlth+} (You acquired it on level 1 of the Dungeon)
   502 | D:1      | Identified the ring "Ysiruenn" {rElec Dex+3 SInv Stlth+} (You acquired it on level 1 of the Dungeon)
   502 | D:1      | Identified the ring of Elater {*Drain rPois Str+2 Int+7 Dex+5} (You acquired it on level 1 of the Dungeon)
   502 | D:1      | Identified the amulet of Creativity {+Rage MR++ Int+4} (You acquired it on level 1 of the Dungeon)
   502 | D:1      | Identified the amulet "Sehis" {Gourm *Slow rN+ Stlth+} (You acquired it on level 1 of the Dungeon)
   502 | D:1      | Identified the amulet of Maloim {rElec Regen+} (You acquired it on level 1 of the Dungeon)
   502 | D:1      | Identified the amulet of Byopisu {RegenMP rN+ Stlth+} (You acquired it on level 1 of the Dungeon)
   502 | D:1      | Identified the ring "Qunudu" {rElec rC+ Str+3 Dex-3 Stlth+} (You acquired it on level 1 of the Dungeon)
   502 | D:1      | Identified the ring "Jehag" {Fire rPois} (You acquired it on level 1 of the Dungeon)
   502 | D:1      | Identified the amulet "Ogadavim" {+Rage Int+3} (You acquired it on level 1 of the Dungeon)
   502 | D:1      | Identified the amulet of Seleyl {+Rage SInv} (You acquired it on level 1 of the Dungeon)
   502 | D:1      | Identified the amulet of Nemelex Xobeh's Favour {Gourm -Tele rN+ SInv} (You acquired it on level 1 of the Dungeon)
   502 | D:1      | Identified the ring "Paharatz" {MR+ Str+3 Dex+4 SInv} (You acquired it on level 1 of the Dungeon)
   502 | D:1      | Identified the ring "Asadibal" {rPois AC+3} (You acquired it on level 1 of the Dungeon)
   502 | D:1      | Identified the amulet of the Doge {Spirit Int+6} (You acquired it on level 1 of the Dungeon)
   502 | D:1      | Identified the ring of Kipuf {+Fly rN+ Int+4} (You acquired it on level 1 of the Dungeon)
   502 | D:1      | Identified the amulet "Gerpho Qeko" {Spirit rElec Dex+7} (You acquired it on level 1 of the Dungeon)
   502 | D:1      | Identified the ring of Temptation {rElec Int+3} (You acquired it on level 1 of the Dungeon)
   502 | D:1      | Identified the ring "Wapheass" {rPois MR+ Str+4 Dex-3 Slay+4} (You acquired it on level 1 of the Dungeon)
   502 | D:1      | Identified the ring of Xeleytt {+Blink rElec Str+2 Dex+4} (You acquired it on level 1 of the Dungeon)
   502 | D:1      | Identified the ring of the Clam {rElec rN+ MR+ EV+5 Dex-4} (You acquired it on level 1 of the Dungeon)
   502 | D:1      | Identified the amulet "Kasiruqe" {Faith Fragile rN+ Int+2 SInv} (You acquired it on level 1 of the Dungeon)
   502 | D:1      | Identified the ring "Cueferux" {rC+ AC+3 Int+8 Dex-5} (You acquired it on level 1 of the Dungeon)
   502 | D:1      | Identified the amulet "Ypan" {Harm *Contam *Drain rF++ Dex+8} (You acquired it on level 1 of the Dungeon)
   502 | D:1      | Identified the amulet of Egalitarianism {Faith *Drain +Fly Dex+9} (You acquired it on level 1 of the Dungeon)
   502 | D:1      | Identified the ring "Saqahagg" {MR+ MP+9 Int+4 Stlth-} (You acquired it on level 1 of the Dungeon)
   502 | D:1      | Identified the ring "Footeosh" {rPois rN++ MR+ Int+4} (You acquired it on level 1 of the Dungeon)
   502 | D:1      | Identified the ring "Zimioj" {Str+3 Int+2} (You acquired it on level 1 of the Dungeon)
   502 | D:1      | Identified the ring "Piqeixoz" {rC+ MR++ MP+9 Dex-5 Stlth+} (You acquired it on level 1 of the Dungeon)
   502 | D:1      | Identified the ring "Isoaruod" {rCorr Str+2} (You acquired it on level 1 of the Dungeon)
   502 | D:1      | Identified the ring of Nyseeg {rCorr rElec Dex+7} (You acquired it on level 1 of the Dungeon)
   502 | D:1      | Identified the ring of the Frog {rC++ AC+2 Dex-5} (You acquired it on level 1 of the Dungeon)
   502 | D:1      | Identified the amulet "Ahiaceb" {RegenMP rElec rPois Str+2 Stlth+} (You acquired it on level 1 of the Dungeon)
   502 | D:1      | Identified the ring "Dirruk" {+Inv MR+ MP+9 Dex+2 Slay+2} (You acquired it on level 1 of the Dungeon)
   502 | D:1      | Identified the ring "Ushimuoh" {Ice Str+2 Stlth+} (You acquired it on level 1 of the Dungeon)
   502 | D:1      | Identified the ring of Linearity {*Slow rElec rF+ SInv} (You acquired it on level 1 of the Dungeon)
   502 | D:1      | Identified the amulet of Qazlal's Benevolence {RegenMP Str+5} (You acquired it on level 1 of the Dungeon)
   502 | D:1      | Identified the ring "Yschew" {MR+ Dex+3} (You acquired it on level 1 of the Dungeon)
   502 | D:1      | Identified the amulet "Yfaaps" {Harm *Drain rC+ rN++ MR- Stlth+} (You acquired it on level 1 of the Dungeon)
   502 | D:1      | Identified the amulet "Tiodasiw" {Spirit rElec Int+3} (You acquired it on level 1 of the Dungeon)
   502 | D:1      | Identified the ring of Suspicion {*Slow rElec MP+9 Int-2 Stlth+} (You acquired it on level 1 of the Dungeon)
   502 | D:1      | Identified the amulet "Siacwesh" {Spirit Str+3 Dex-4 SInv} (You acquired it on level 1 of the Dungeon)
   502 | D:1      | Identified the ring "Puqimucy" {rCorr rN+} (You acquired it on level 1 of the Dungeon)
   502 | D:1      | Identified the ring "Zupluntu" {rElec rPois rN+ Stlth-} (You acquired it on level 1 of the Dungeon)
   502 | D:1      | Identified the amulet "Ceur" {RegenMP *Drain MP+9 Str+2 Slay+2} (You acquired it on level 1 of the Dungeon)
   502 | D:1      | Identified the amulet of Nunwy {Reflect MR+ Str+4 Dex+2 SH+3} (You acquired it on level 1 of the Dungeon)
   502 | D:1      | Identified the ring of the Echidna {rF+ Str+4 Int+8 Dex-5 Stlth+} (You acquired it on level 1 of the Dungeon)
   502 | D:1      | Identified the ring of Huqeshri {Str+3 Slay+2} (You acquired it on level 1 of the Dungeon)
   502 | D:1      | Identified the amulet of Fonudece {Reflect rC+ SH+3} (You acquired it on level 1 of the Dungeon)
   502 | D:1      | Identified the amulet "Tuyd" {rC+ Regen+} (You acquired it on level 1 of the Dungeon)
   502 | D:1      | Identified the amulet of Gumomir {Spirit +Fly Dex+5} (You acquired it on level 1 of the Dungeon)
   502 | D:1      | Identified the ring "Ufirourr" {EV+2 Int+2} (You acquired it on level 1 of the Dungeon)
   502 | D:1      | Identified the amulet "Uvyh" {Spirit Int+4} (You acquired it on level 1 of the Dungeon)
   502 | D:1      | Identified the ring "Dollo" {+Inv rC+ Str-2 Dex+3} (You acquired it on level 1 of the Dungeon)
   502 | D:1      | Identified the ring "Ankuid" {rPois MR+ Int+4 Slay+3} (You acquired it on level 1 of the Dungeon)
   502 | D:1      | Identified the ring of Sovereignty {*Slow rPois MP+9 Dex+3} (You acquired it on level 1 of the Dungeon)
   502 | D:1      | Identified the ring of Viuwk {rF- MP+9 Str+3 Slay+6 SInv} (You acquired it on level 1 of the Dungeon)
   502 | D:1      | Identified the amulet "Koahaoto" {+Rage Slay+2} (You acquired it on level 1 of the Dungeon)
   502 | D:1      | Identified the amulet of Buuphob {*Drain +Blink Regen+ Str+4} (You acquired it on level 1 of the Dungeon)
   502 | D:1      | Identified the ring of Moonexou {+Fly Str+4 Slay+3 SInv Stlth+} (You acquired it on level 1 of the Dungeon)
   502 | D:1      | Identified the ring "Aneuh" {+Blink rF+ EV+1} (You acquired it on level 1 of the Dungeon)
   502 | D:1      | Identified the ring of Xefoz {rN+ Str+2 Dex+5 SInv} (You acquired it on level 1 of the Dungeon)
   502 | D:1      | Identified the ring of False Hope {+Blink +Fly rN++ AC+4 Stlth-} (You acquired it on level 1 of the Dungeon)
   502 | D:1      | Identified the amulet of Dithmenos's Hope {Harm *Drain Slay+3} (You acquired it on level 1 of the Dungeon)
   502 | D:1      | Identified the ring "Ynekamikk" {Ice MR++ Int-2} (You acquired it on level 1 of the Dungeon)
   502 | D:1      | Identified the amulet "Sacwodd" {Spirit *Slow rElec rF+ Str+6} (You acquired it on level 1 of the Dungeon)
   502 | D:1      | Identified the ring of Azeorub Duwu {*Drain EV+3 Int+5} (You acquired it on level 1 of the Dungeon)
   502 | D:1      | Identified the ring "Ysaleudec" {rC+ rN+++ Int-3 Dex+5} (You acquired it on level 1 of the Dungeon)
   502 | D:1      | Identified the ring "Qeruijot" {rC+ MR+ Str-5 Dex+3} (You acquired it on level 1 of the Dungeon)
   502 | D:1      | Identified the ring "Raelate" {rC+ MR+} (You acquired it on level 1 of the Dungeon)
   502 | D:1      | Identified the ring "Axiag" {rF+ MP+9 Int+2} (You acquired it on level 1 of the Dungeon)
   502 | D:1      | Identified the amulet "Esoefoki" {RegenMP Fragile +Blink rC+ Int+6} (You acquired it on level 1 of the Dungeon)
   502 | D:1      | Identified the amulet "Zutoyxig" {Reflect *Contam MR+ Str+7 Dex+6 SH+4} (You acquired it on level 1 of the Dungeon)
   502 | D:1      | Identified the ring "Hetucw" {Str+5 Int+3} (You acquired it on level 1 of the Dungeon)
   544 | D:1      | Became a worshipper of Gozag Ym Sagoz the Greedy
   581 | Lab      | Entered a labyrinth
   581 | Zig:27   | Entered Level 27 of a ziggurat
   636 | Zig:27   | Reached skill level 27 in Fighting
   672 | Zig:27   | Quit the game

Vault maps used:
D:1:      dpeg_arrival_connections, minivault_25, bh_walls_and_bars
Zig:27:   ziggurat_pillar_centre_oklobs
Lab:      labyrinth_hidden_loot, lab_hedge, nicolae_lab_checkerboard,
          nicolae_lab_do_over, nicolae_lab_t_cross

Skill      XL: |  1  2  3  4  5  6  7  8  9 10 11 12 13 14 15 16 17 18 19 20 21 22 23 24 25 26 27 |
---------------+----------------------------------------------------------------------------------+-----
Fighting       | 27 | 27.0
Armour         | 26 | 26.0
Dodging        | 26 | 26.0
Stealth        | 26 | 26.0
Shields        | 26 | 26.0
Spellcasting   | 26 | 26.0
Conjurations   | 26 | 26.0
Maces & Flails | 26 | 26.0
Staves         | 26 | 26.0
Slings         | 26 | 26.0
Bows           | 26 | 26.0
Crossbows      | 26 | 26.0
Throwing       | 26 | 26.0
Necromancy     | 26 | 26.0
Transmutations | 26 | 26.0
Fire Magic     | 26 | 26.0
Ice Magic      | 26 | 26.0
Air Magic      | 26 | 26.0
Earth Magic    | 26 | 26.0
Poison Magic   | 26 | 26.0
Short Blades   | | 26.0
Long Blades    | | 26.0
Axes           | | 26.0
Polearms       | | 26.0
Unarmed Combat | | 26.0
Hexes          | | 26.0
Charms         | | 26.0
Summonings     | | 26.0
Translocations | | 26.0
Invocations    | | 27.0
Evocations     | | 26.0

Action                   |  1- 3 |  4- 6 |  7- 9 | 10-12 | 13-15 | 16-18 | 19-21 | 22-24 | 25-27 || total
-------------------------+-------+-------+-------+-------+-------+-------+-------+-------+-------++-------
Melee: Executioner's axe |       |       |       |       |       |       |       |       |    19 ||    19
  Use: Scroll            |       |       |       |       |       |       |       |       |   120 ||   120
Armor: Crystal plate arm |       |       |       |       |       |       |       |       |    36 ||    36
Dodge: Dodged            |       |       |       |       |       |       |       |       |   117 ||   117
Block: Shield            |       |       |       |       |       |       |       |       |    54 ||    54
